 Dungeon Crawl Stone Soup version 0.19-a0-683-g5f2401d (webtiles) character file.

135 st0uf the Shield-Bearer (level 5, -1/42 HPs)
             Began as a Formicid Fighter on June 17, 2016.
             Was an Initiate of Ashenzari.
             Slain by a sky beast (5 damage)
             ... on level 3 of the Dungeon.
             The game lasted 00:10:19 (2808 turns).

st0uf the Shield-Bearer (Formicid Fighter)          Turns: 2808, Time: 00:10:20

Health: -1/42      AC:  8    Str: 20    XL:     5   Next: 42%
Magic:  5/5        EV:  8    Int:  8    God:    Ashenzari [......]
Gold:   90         SH:  9    Dex: 11    Spells: 0 memorised, 4 levels left

rFire  . . .     SeeInvis +     a - +0 war axe
rCold  . . .     Gourm    .     b - +0 scale mail
rNeg   . . .     Faith    .     c - +0 shield (curse)
rPois  .         Spirit   .     (helmet unavailable)
rElec  .         Dismiss  .     w - +0 cloak (curse)
rCorr  .         Reflect  .     (no gloves)
SustAt .         Harm     .     (no boots)
MR     .....                    (no amulet)
Stlth  ..........               (no ring)
                                (no ring)

@: not resistant to hostile enchantments, extremely unstealthy
A: permanent stasis, dig shafts and tunnels, four strong arms, antennae 3
a: Dig, Shaft Self, Curse Item, Renounce Religion


You were on level 3 of the Dungeon.
You worshipped Ashenzari.
Ashenzari was noncommittal.
You were hungry.

You visited 1 branch of the dungeon, and saw 3 of its levels.

You collected 90 gold pieces.

Inventory:

Hand Weapons
 a - a +0 war axe (weapon)
 B - a +0 hunting sling
Missiles
 q - 12 sling bullets
 r - 50 stones (quivered)
Armour
 b - a +0 scale mail (worn)
 c - a cursed +0 shield (worn)
 w - a cursed +0 cloak (worn)
Jewellery
 s - an uncursed ring of stealth
Scrolls
 j - 5 scrolls of identify {unknown}
 k - a scroll of noise {unknown}
 l - 2 scrolls of amnesia {unknown}
 n - 3 scrolls of enchant weapon {unknown}
 p - 2 scrolls of recharging {unknown}
 x - a scroll of fear {unknown}
 y - a scroll of teleportation {unknown}
 z - 3 scrolls of remove curse
 A - a scroll of random uselessness {unknown}
Potions
 d - a potion of might
 e - a potion of beneficial mutation {unknown}
 g - 2 potions of haste {unknown}
 h - 2 potions of magic {unknown}
 m - a potion of mutation {unknown}
 o - a potion of degeneration {unknown}
 t - a potion of flight {unknown}
 u - a potion of heal wounds {unknown}
 v - a potion of lignification {unknown}
Comestibles
 f - 2 bread rations
 i - 5 fruits


   Skills:
 + Level 4.2 Fighting
 * Level 3.1 Axes
 + Level 3.9 Armour
 + Level 1.2 Dodging
 + Level 4.3 Shields


You had 4 spell levels left.
You didn't know any spells.

Dungeon Overview and Level Annotations

Branches:
Dungeon (3/15)

Altars:
Ashenzari
Trog


Innate Abilities, Weirdness & Mutations

You are under a permanent stasis effect.
You can dig through walls and to a lower floor.
Your four strong arms can wield two-handed weapons with a shield.
You have a pair of large antennae on your head. (SInv)


Message History

The sky beast is moderately wounded.
The sky beast hits you but does no damage.
You slash the sky beast!
The sky beast is severely wounded.
The sky beast barely misses you. You block the sky beast's attack.
You barely miss the sky beast.
The sky beast is severely wounded.
The sky beast hits you but does no damage.
You closely miss the sky beast.
The sky beast is severely wounded.
The sky beast closely misses you. The sky beast hits you.
* * * LOW HITPOINT WARNING * * *
The sky beast shocks you.
* * * LOW HITPOINT WARNING * * *
You hit the sky beast but do no damage.
The sky beast is severely wounded.
The sky beast hits you.
* * * LOW HITPOINT WARNING * * *
The sky beast shocks you.
You die...

..........(......_#..............
...#...#...#...#.................
..................#.........##...
###################.........##...
#.............##...
##'#############..< #....# #... {
{ #....# .... { #@>..# .###
#Y......? . #....#... ..
.....#... .....# .. #(....#
#.....# ...####


You could see a sky beast.

Vanquished Creatures
  Robin (D:2)
  2 adders (D:2)
  3 worms (D:2)
  4 dart slugs
  5 giant geckos
  9 bats
  5 giant cockroaches
  20 goblins
  6 hobgoblins
  8 jackals
  6 kobolds
  A ball python (D:3)
  2 giant newts
  7 rats
79 creatures vanquished.

Notes
Turn   | Place    | Note
--------------------------------------------------------------
     0 | D:1      | st0uf the Formicid Fighter began the quest for the Orb.
     0 | D:1      | Reached XP level 1. HP: 18/18 MP: 1/1
    61 | D:1      | Reached XP level 2. HP: 13/24 MP: 2/2
   422 | D:1      | Reached XP level 3. HP: 25/30 MP: 3/3
  1465 | D:2      | Reached XP level 4. HP: 34/37 MP: 4/4
  1472 | D:2      | Noticed Robin
  1479 | D:2      | Killed Robin
  1479 | D:2      | Reached skill level 1 in Dodging
  1808 | D:2      | Noticed a moth of wrath
  1812 | D:2      | Found a bloodstained altar of Trog.
  2004 | D:2      | Reached XP level 5. HP: 42/42 MP: 5/5
  2663 | D:3      | Found a shattered altar of Ashenzari.
  2787 | D:3      | Became a worshipper of Ashenzari the Shackled
  2796 | D:3      | Noticed a sky beast
  2808 | D:3      | Slain by a sky beast

Vault maps used:
D:1:      erik_arrival_cave_to_civilisation, minmay_misc_feat_iff,
          serial_bayou_lake_a
D:2:      first_bread, tgw_trog, uniq_robin
D:3:      lemuel_coloured_pillars_altar, nemelex_lonely_heart_becter

Skill      XL: |  1  2  3  4  5 |
---------------+----------------+-----
Shields        | 4 |  4.3
Dodging        | 1 |  1.2
Fighting       | 4 |  4.2
Axes           | 3 |  3.1
Armour         | |  3.9

Action                   |  1- 3 |  4- 6 || total
-------------------------+-------+-------++-------
Melee: War axe           |   119 |   130 ||   249
Invok: Curse Item        |       |     2 ||     2
 Abil: Dig               |     1 |     4 ||     5
  Eat: Chunk             |     1 |     5 ||     6
Armor: Scale mail        |    49 |    52 ||   101
Dodge: Dodged            |    44 |    57 ||   101
Block: Shield            |    67 |    69 ||   136
